 Dungeon Crawl Stone Soup version 0.17.0-24-gcfadda4 (webtiles) character file.

727 4thArraOfDagon the Skirmisher (level 8, -4/64 HPs)
             Began as a Formicid Arcane Marksman on Nov 17, 2015.
             Was a Follower of Makhleb.
             Shot with an arrow by a centaur (6 damage)
             ... on level 8 of the Dungeon.
             The game lasted 00:07:47 (1271 turns).

4thArraOfDagon the Skirmisher (FoAM)                Turns: 1271, Time: 00:07:47

Health: -4/64      AC:  9    Str: 16    XL:     8   Next: 3%
Magic:  9/9        EV:  8    Int: 15    God:    Makhleb [*.....]
Gold:   167        SH:  0    Dex: 10    Spells: 1 memorised, 8 levels left

rFire  + . .     SeeInvis +     a - +0 hand crossbow
rCold  . . .     Clarity  .     x - +0 chain mail
rNeg   . . .     SustAt   .     (no shield)
rPois  .         Gourm    .     (helmet unavailable)
rElec  .         Spirit   .     (no cloak)
rCorr  .         Warding  .     (no gloves)
rMut   .         Stasis   +     (no boots)
MR     .....                    (no amulet)
Stlth  ..........               (no ring)
                                s - ring of protection from fire

@: not resistant to hostile enchantments, extremely unstealthy
A: permanent stasis, dig shafts and tunnels, four strong arms, antennae 3
a: Dig, Shaft Self, Renounce Religion


You were on level 8 of the Dungeon.
You worshipped Makhleb.
Makhleb was aware of your devotion.
You were not hungry.

You visited 2 branches of the dungeon, and saw 9 of its levels.

You collected 167 gold pieces.

Inventory:

Hand Weapons
 a - a +0 hand crossbow (weapon)
 l - a +0 blowgun
Missiles
 b - 12 bolts (quivered)
 h - 13 poisoned needles
Armour
 x - a +0 chain mail (worn)
Magical Staves
 v - an uncursed staff of power
Jewellery
 s - a ring of protection from fire (left hand)
Wands
 p - a wand of confusion (23)
 u - a wand of digging (14)
Scrolls
 c - a scroll of enchant weapon {unknown}
 k - 2 scrolls of identify {unknown}
 m - 2 scrolls of amnesia {unknown}
 n - a scroll of magic mapping {unknown}
Potions
 i - a potion of curing {unknown}
 t - a potion of degeneration {unknown}
 w - a potion of brilliance {unknown}
Books
 d - a book of Debilitation

   Spells                             Type                      Level
   a - Corona                         Hexes                        1
   b - Slow                           Hexes                        2
   c - Gell's Gravitas                Hexes/Translocation          3
   d - Inner Flame                    Hexes/Fire                   3
   e - Cause Fear                     Hexes                        4
   f - Leda's Liquefaction            Hexes/Earth                  4
 j - a Grand Grimoire

   Spells                             Type                      Level
   a - Monstrous Menagerie            Summoning                    6
   b - Summon Greater Demon           Summoning                    7
   c - Malign Gateway                 Summoning/Translocation      7
   d - Summon Horrible Things         Summoning                    8
Comestibles
 e - a bread ration
 f - a royal jelly
 g - a fruit
 q - a meat ration


   Skills:
 + Level 5.7 Fighting
 - Level 2.6 Crossbows
 + Level 3.5 Armour
 + Level 4.7 Dodging
 - Level 1.1 Spellcasting
 - Level 3.6 Hexes


You had 8 spell levels left.
You knew the following spells:

 Your Spells              Type           Power        Failure   Level  Hunger
a - Corona                Hex            ##.....      90%         1    ##.....


Dungeon Overview and Level Annotations

Branches:
Dungeon (8/15)             Temple (1/1) D:4
   Lair: D:8-11

Altars:
Ashenzari
Cheibriados
Elyvilon
Fedhas
Gozag
Makhleb
Okawaru
Qazlal
Ru
Vehumet
Xom
Yredelemnul
The Shining One

Shops:
D:7 ?

Annotations:
D:5 Gravenous's ghost, novice OpIE


Innate Abilities, Weirdness & Mutations

You are under a permanent stasis effect.
You can dig through walls and to a lower floor.
Your four strong arms can wield two-handed weapons with a shield.
You have a pair of large antennae on your head (SInv).


Message History

The centaur shoots an arrow.
The arrow closely misses you.
The centaur shoots an arrow.
The arrow hits you.
* * * LOW HITPOINT WARNING * * *
Firing (i - inventory):
b - 14 bolts (quivered)
Press: ? - help, Shift-Dir - straight line, f/p - centaur
Aim: a centaur, wielding a shortbow (lightly wounded)
You shoot a bolt. The bolt hits the centaur!
The centaur is heavily wounded.
The centaur shoots an arrow.
The arrow hits you!
* * * LOW HITPOINT WARNING * * *
The centaur shoots an arrow.
The arrow hits you!
* * * LOW HITPOINT WARNING * * *
Unknown command.
Firing (i - inventory):
b - 13 bolts (quivered)
Press: ? - help, Shift-Dir - straight line, f/p - centaur
Aim: a centaur, wielding a shortbow (heavily wounded)
You shoot a bolt. The bolt hits the centaur!
The centaur is almost dead.
The centaur shoots an arrow.
The arrow hits you.
You die...

#.###.#####################
#..........................
#####.####################.
#......... .......'.
######.####################.
....................
......'.
.#########..........
#######. +.......... +.
#..@....... #. #..........
+. #.......... #.
#.......... #. #........$.
#. #.......... #.
#.......... #. ......c....
##


You could see a centaur.

Vanquished Creatures
  A hippogriff (D:6)
  2 centaurs
  2 ogres
  A hound (D:7)
  A crimson imp (D:7)
  An orc wizard (D:5)
  An orc priest (D:5)
  A giant frog skeleton (D:4)
  A worker ant (D:6)
  A hound skeleton (D:6)
  A gnoll (D:5)
  2 adders
  A worm (D:4)
  A giant gecko (D:4)
  8 orcs
  A giant cockroach (D:6)
  2 goblins (D:3)
  3 hobgoblins (D:3)
  2 kobolds (D:3)
  3 quokkas
  A giant newt (D:5)
  8 jackals
  A jackal skeleton (D:6)
  A rat (D:2)
47 creatures vanquished.

Notes
Turn   | Place    | Note
--------------------------------------------------------------
     0 | D:1      | 4thArraOfDagon the Formicid Arcane Marksman began the quest for the Orb.
     0 | D:1      | Reached XP level 1. HP: 15/15 MP: 2/2
    11 | D:2      | Found a blossoming altar of Fedhas.
    21 | D:2      | Reached XP level 2. HP: 21/21 MP: 3/3
   205 | D:3      | Reached XP level 3. HP: 27/27 MP: 4/4
   253 | D:4      | Found a staircase to the Ecumenical Temple.
   262 | Temple   | Entered the Ecumenical Temple
   292 | Temple   | Became a worshipper of Makhleb the Destroyer
   316 | D:4      | Reached XP level 4. HP: 18/34 MP: 5/5
   328 | D:4      | Found a snail-covered altar of Cheibriados.
   591 | D:5      | Entered Level 5 of the Dungeon
   656 | D:5      | Reached * piety under Makhleb
   667 | D:5      | Reached XP level 5. HP: 39/41 MP: 6/6
   727 | D:5      | Noticed Gravenous's ghost (novice OpIE)
   728 | D:5      | Noticed a phantom
   836 | D:6      | Reached skill level 4 in Fighting
   856 | D:6      | Noticed a hippogriff
   930 | D:6      | Reached XP level 6. HP: 48/48 MP: 7/7
   945 | D:6      | Killed a hippogriff
   945 | D:6      | Reached skill level 1 in Armour
   980 | D:7      | Reached XP level 7. HP: 51/55 MP: 8/8
   992 | D:7      | Found Ubittokh's Magic Scroll Shop.
  1004 | D:7      | Reached skill level 5 in Fighting
  1094 | D:6      | Noticed an ogre
  1103 | D:6      | Killed an ogre
  1188 | D:8      | Reached XP level 8. HP: 14/64 MP: 9/9
  1270 | D:8      | HP: 2/64 [centaur/arrow (8)]
  1271 | D:8      | Shot with an arrow by a centaur

Action                   |  1- 3 |  4- 6 |  7- 9 || total
-------------------------+-------+-------+-------++-------
Melee: Staff             |       |    26 |       ||    26
 Fire: Hand crossbow     |    28 |    76 |    48 ||   152
       Blowgun           |       |    17 |     2 ||    19
  Eat: Beef jerky        |       |       |     1 ||     1
